 Dungeon Crawl Stone Soup version 0.30-a0-830-gfe289a77b0 (webtiles) character file.

Game seed: 17653976844747343632

97 Esekla the Sneak (level 4, 0/31 HPs)
             Began as an Octopode Delver on Mar 1, 2023.
             Slain by a hound (2 damage)
             ... on level 5 of the Dungeon.
             The game lasted 00:03:19 (230 turns).

Esekla the Sneak (Octopode Delver)                   Turns: 230, Time: 00:03:20

Health: 0/31       AC:  1    Str: 11    XL:     4   Next: 68%
Magic:  2/5        EV: 13    Int: 14    God:
Gold:   0          SH:  0    Dex: 13    Spells: 5/5 levels left

rFire   . . .      SeeInvis .    a - +0 falchion
rCold   . . .      Faith    .    (no shield)
rNeg    . . .      Spirit   .    (helmet restricted)
rPois   .          Reflect  .    (no amulet)
rElec   .          Harm     .    (no ring)
rCorr   .          Rampage  .    (no ring)
Will    .....                    (no ring)
Stlth   +++++                    (no ring)
HPRegen 0.25/turn                (no ring)
MPRegen 0.09/turn                (no ring)
                                 (no ring)
                                 (no ring)

@: hasted, very quick
A: almost no armour, amphibious, 8 rings, camouflage 1, gelatinous body 1,
(nimble swimmer 1), tentacles
a: no special abilities


You were on level 5 of the Dungeon.
You visited 1 branch of the dungeon, and saw 1 of its levels.

Inventory:

Hand Weapons
 a - a +0 falchion (weapon)
Wands
 f - a wand of digging (3)
Scrolls
 b - a scroll of fog
Potions
 e - a potion of haste


   Skills:
 * Level 3.5 Fighting
 * Level 2.4 Long Blades
 * Level 2.4 Dodging
 + Level 7.7 Stealth
 * Level 1.1 Spellcasting


You had 5 spell levels left.
You didn't know any spells.
Your spell library was empty.

Dungeon Overview and Level Annotations

Branches:
Dungeon (5/15)
 Temple: D:4-7

Altars:
Elyvilon

Annotations:
D:5 Ijyb, Menkaure


Innate Abilities, Weirdness & Mutations

You cannot wear most types of armour.
You are amphibious.
You can wear up to eight rings at the same time.
Your skin changes colour to match your surroundings (Stealth+).
Your rubbery body absorbs attacks. (AC +1, EV +1)
((You are camouflaged when in or above water. (Stealth+)))
You have tentacles for arms and can constrict up to eight enemies at once.


Message History

Okay, then.
Okay, then.
You feel yourself speed up. The killer bee barely misses you. x2
You hit the killer bee. You grab the killer bee. You squeeze the killer bee!
The killer bee is severely wounded.
You constrict the killer bee, but do no damage.
The killer bee closely misses you.
You hit the killer bee but do no damage.
You squeeze the killer bee.
You kill the killer bee!
The killer bee stings you.
* * * LOW HITPOINT WARNING * * *
Your Stealth skill increases to level 7!
You have reached level 3!
Your experience leads to an increase in your attributes!
Increase (S)trength, (I)ntelligence, or (D)exterity?
You feel clever. x2
You closely miss the killer bee. Your grab misses the killer bee.
You squeeze the killer bee!
The killer bee is heavily wounded.
The killer bee closely misses you.
You closely miss the killer bee. Your grab misses the killer bee.
Your squeeze misses the killer bee.
The killer bee is heavily wounded.
The killer bee stings you.
* * * LOW HITPOINT WARNING * * *
The killer bee barely misses you.
You closely miss the killer bee. Your grab misses the killer bee.
The killer bee is heavily wounded.
The killer bee closely misses you.
You slash the killer bee!
You kill the killer bee!
Your Spellcasting skill increases to level 1!
You have reached level 4!
You hit the hound but do no damage. You grab the hound.
You constrict the hound, but do no damage.
The hound bites you.
* * * LOW HITPOINT WARNING * * *
You completely miss the hound. You constrict the hound. The hound bites you.
You die...

#.# #*##.####..#.##.#
#.#**.##.####..#.##.#
#..,,,...##..........
##.##,##.##.#...###.. ****
#.##.##............#
,,,******#####h##.l.........###.#
,*,,,,,,,,.....#####.##.##### #.#
,,,*****,,,,#..#####<#...# #.#
**** *,,*,#.hh@....#..[# #.#
*).....########...# #.. *.#..#,*
#.^.# ### ********...,,,* #g..# #
*,,,,,**#*,,*,*****###...########
,,,,,,****,,*,**,,,............##
,,,,,,,,,,,,,,,,,,,..............
*,,,,,******,,**,,,..............
*,,,,,* *,*******#......###...


You could see a black bear and a hound.

Vanquished Creatures
  2 killer bees (D:5)
  An adder (D:5)
  An orc (D:5)
4 creatures vanquished.

Notes
Turn   | Place    | Note
-------+----------+-------------------------------------------
     0 | D:5      | Esekla the Octopode Delver began the quest for the Orb.
     0 | D:5      | Reached XP level 1. HP: 16/16 MP: 1/1
     9 | D:5      | Noticed Menkaure
    34 | D:5      | Noticed Ijyb
    43 | D:5      | Noticed a centaur
    48 | D:5      | Noticed an iguana
    67 | D:5      | Reached XP level 2. HP: 14/21 MP: 2/2
    93 | D:5      | Noticed an ogre
    93 | D:5      | Noticed a black bear
   105 | D:5      | Found a white marble altar of Elyvilon.
   106 | D:5      | Noticed a kobold brigand
   191 | D:5      | Noticed a black bear
   217 | D:5      | Noticed a killer bee
   220 | D:5      | Noticed a killer bee
   224 | D:5      | Killed a killer bee
   225 | D:5      | Reached skill level 7 in Stealth
   225 | D:5      | Reached XP level 3. HP: 7/26 MP: 2/4
   228 | D:5      | Killed a killer bee
   229 | D:5      | Reached skill level 1 in Spellcasting
   229 | D:5      | Reached XP level 4. HP: 6/31 MP: 2/5
   230 | D:5      | Slain by a hound

Illustrated notes

Levels and vault maps discovered:
D:5:      layout_loops_cross, kennysheep_little_box,
          mainiacjoe_overflow_catwalk, uniq_sigmund, uniq_menkaure, uniq_ijyb,
          uniq_prince_ribbit1

Skill      XL: |  1  2  3 |
---------------+----------+-----
Stealth        | 7 |  7.7
Spellcasting   | 1 |  1.1
Fighting       | |  3.5
Long Blades    | |  2.4
Dodging        | |  2.4

Action                     |  1- 3 |  4- 6 || total
---------------------------+-------+-------++-------
  Melee: Falchion          |    14 |     2 ||    16
         Tentacles         |     4 |       ||     4
         Constrict         |     3 |     1 ||     4
    Use: Scroll            |     2 |       ||     2
         Potion            |     1 |       ||     1
 Armour: Skin              |     1 |       ||     1
  Dodge: Dodged            |    18 |       ||    18

Table legend: (Time is in decaauts)
 A = Elapsed time spent in this place.
 B = Non-inter-level travel time spent in this place.
 C = Inter-level travel time spent in this place.
 D = Time resting spent in this place.
 E = Time spent auto-exploring this place.
 F = Levels seen in this place.
 G = Mean time per level.
                   A        B        C        D        E       F      G
               +--------+--------+--------+--------+--------+-----+--------+
         Total |    230 |    230 |      0 |      9 |      0 |   1 |  230.0 |
       Dungeon |    230 |    230 |      0 |      9 |      0 |   1 |  230.0 |
               +--------+--------+--------+--------+--------+-----+--------+

Top non-repeatable levels by time:
     D:5: 230 daAuts
